 Dungeon Crawl Stone Soup version 0.17.0-19-gb37c632 (console) character file.

185 Kloppie the Skirmisher (level 5, -2/29 HPs)
             Began as a Vine Stalker Fighter on Nov 12, 2015.
             Slain by an iguana (7 damage)
             ... on level 4 of the Dungeon.
             The game lasted 00:04:47 (2626 turns).

Kloppie the Skirmisher (Vine Stalker Fighter)       Turns: 2626, Time: 00:04:47

Health: -2/29      AC:  8    Str: 21    XL:     5   Next: 64%
Magic:  0/6        EV:  7    Int:  8    God:
Gold:   165        SH:  9    Dex: 14    Spells: 0 memorised, 4 levels left

rFire  . . .     SeeInvis .     a - +0 long sword
rCold  . . .     Clarity  .     b - +0 scale mail
rNeg   . . .     SustAt   .     c - +0 shield
rPois  .         Gourm    .     (no helmet)
rElec  .         Spirit   +     (no cloak)
rCorr  .         Warding  .     (no gloves)
rMut   .         Stasis   .     y - +0 pair of boots
MR     .....                    t - amulet of faith
Stlth  ..........               (no ring)
                                r - +2 ring of strength

@: not resistant to hostile enchantments, extremely unstealthy
A: fangs 2, regeneration 1, magic shield, antimagic bite, no device heal 3, rot
immunity
a: no special abilities


You were on level 4 of the Dungeon.
You were not hungry.

You visited 1 branch of the dungeon, and saw 4 of its levels.

You collected 165 gold pieces.

Inventory:

Hand Weapons
 a - a +0 long sword (weapon)
Missiles
 q - 22 poisoned needles
 B - 6 curare-tipped needles
Armour
 b - a +0 scale mail (worn)
 c - a +0 shield (worn)
 u - a +0 plate armour
 y - a +0 pair of boots (worn)
Jewellery
 r - a +2 ring of strength (left hand)
 t - an amulet of faith (around neck)
Scrolls
 h - 5 scrolls of identify {unknown}
 i - 2 scrolls of magic mapping {unknown}
 o - 3 scrolls of teleportation {unknown}
 s - a scroll of blinking {unknown}
 w - a scroll of enchant weapon {unknown}
 A - a scroll of random uselessness {unknown}
 C - a scroll of remove curse {unknown}
 D - 3 scrolls of immolation {unknown}
Potions
 d - 2 potions of might
 g - 2 potions of lignification {unknown}
 j - 2 potions of agility {unknown}
 k - a potion of degeneration {unknown}
 l - a potion of mutation {unknown}
 m - a potion of flight {unknown}
 p - 2 potions of invisibility {unknown}
 v - 3 potions of heal wounds {unknown}
 z - a potion of brilliance {unknown}
Comestibles
 e - 2 bread rations
 f - 3 fruits
 n - a meat ration
 x - a chunk of flesh


   Skills:
 + Level 3.8 Fighting
 + Level 3.4 Long Blades
 + Level 3.4 Armour
 - Level 2.6 Shields


You had 4 spell levels left.
You didn't know any spells.

Dungeon Overview and Level Annotations

Branches:
Dungeon (4/15)
 Temple: D:4-7

Altars:
Qazlal


Innate Abilities, Weirdness & Mutations

You have extremely sharp teeth.
Your natural rate of healing is unusually fast.
When hurt, damage is shared between your health and your magic reserves.
Your bite disrupts and absorbs the magic of your enemies.
Potions and wands cannot restore your health.
You are immune to rotting.


Message History

The iguana bites you!
* * * LOW HITPOINT WARNING * * *
You are too injured to fight recklessly!
Your shield prevents you from hitting the iguana.
You bite the iguana. You drain its power.
You feel invigorated.
The iguana is moderately wounded.
The iguana barely misses you.
Some of the chunks of flesh in your inventory have rotted away.
Your shield and scale mail prevent you from hitting the iguana.
You bite the iguana, but do no damage.
The iguana is moderately wounded.
The iguana bites you!
* * * LOW HITPOINT WARNING * * *
The iguana bites you.
There is an open door here.
The iguana bites you!
* * * LOW HITPOINT WARNING * * *
The iguana barely misses you. The iguana bites you!
You die...

..#)...<#...'....................
#'#.....#####.........######.....
......................#....#.....
......................#....# ...
......................#....#
......................#....#
..............(.......#....#
......................##'###
###.........####@###+##..#
..#.........#....l.......#
..#.........#............#
..#.........#............#
..'.........#............#
###[........###..#####...#.......
#.....####### #..# ##...##...%..
#.....# ..... #.....#......
#.....# .... #.....#......


You could see an iguana.

Vanquished Creatures
  An orc priest (D:4)
  A giant frog skeleton (D:4)
  A hound skeleton (D:4)
  4 adders
  2 worms
  10 orcs
  A ball python (D:4)
  2 bats
  3 giant cockroaches
  8 goblins
  6 hobgoblins
  6 jackals
  5 kobolds
  A quokka (D:3)
  5 giant newts
  11 rats
67 creatures vanquished.

Notes
Turn   | Place    | Note
--------------------------------------------------------------
     0 | D:1      | Kloppie the Vine Stalker Fighter began the quest for the Orb.
     0 | D:1      | Reached XP level 1. HP: 11/11 MP: 2/2
   186 | D:1      | Reached XP level 2. HP: 16/16 MP: 3/3
   257 | D:1      | You fall through a shaft!
   398 | D:2      | Reached XP level 3. HP: 13/19 MP: 4/4
   466 | D:2      | Reached skill level 3 in Fighting
  1117 | D:2      | Reached XP level 4. HP: 14/24 MP: 3/5
  2218 | D:4      | Reached XP level 5. HP: 19/28 MP: 3/6
  2394 | D:4      | Found a stormy altar of Qazlal.
  2626 | D:4      | Slain by an iguana

Action                   |  1- 3 |  4- 6 || total
-------------------------+-------+-------++-------
Melee: Long sword        |   108 |    98 ||   206
  Eat: Chunk             |       |     6 ||     6
